 Dungeon Crawl Stone Soup version 0.29.1-2-gbd0b4ee654 (webtiles) character file.

Game seed: 11791521696216953324

2976 safid the Skirmisher (level 9, -6/121 HPs)
             Began as a Minotaur Hunter on Nov 21, 2022.
             Was a Priest of Okawaru.
             Mangled by a wight
             ... wielding a +0 dire flail
              (9 damage)
             ... on level 7 of the Dungeon.
             The game lasted 00:12:17 (7105 turns).

safid the Skirmisher (Minotaur Hunter)              Turns: 7105, Time: 00:12:17

Health: -6/121     AC: 24    Str: 15    XL:     9   Next: 53%
Magic:  8/8        EV:  2    Int:  6    God:    Okawaru [***...]
Gold:   66         SH:  0    Dex: 19    Spells: 8/8 levels left

rFire   . . .      SeeInvis .   v - +1 arbalest
rCold   . . .      Faith    .   (shield currently unavailable)
rNeg    + . .      Spirit   .   (body armour currently unavailable)
rPois   +          Reflect  .   (helmet currently unavailable)
rElec   .          Harm     .   (cloak currently unavailable)
rCorr   .          Rampage  .   (gloves currently unavailable)
Will    .....      NoTele   +   (boots currently unavailable)
Stlth   ++........              n - amulet of the acrobat
HPRegen 0.30/turn               s - ring of positive energy
MPRegen 0.11/turn               (no ring)

@: lethally poisoned (-6 -> -11), tree-form, studying Conjurations
A: stationary, stasis, torment immunity, boosted hp, (horns 2), (retaliatory
headbutt)
a: Renounce Religion, Heroism


You were on level 7 of the Dungeon.
You worshipped Okawaru.
Okawaru was most pleased with you.
You were a tree.
You visited 2 branches of the dungeon, and saw 8 of its levels.

You collected 273 gold pieces.
You spent 207 gold pieces at shops.

Inventory:

Hand Weapons
 v - a +1 arbalest (weapon)
 w - a +0 dagger
Missiles
 j - a throwing net
Armour
 g - the +0 ring mail "Noxzill" (melded) {Fly rF+ Int-3 SInv}
   (You bought it in a shop on level 2 of the Dungeon)

   Int:       It affects your intelligence (-3).
   rF:        It protects you from fire.
   SInv:      It lets you see invisible.
   Fly:       It grants you flight.
Jewellery
 i - a ring of fire
 n - an amulet of the acrobat (around neck)
 p - a ring of ice
 s - a ring of positive energy (left branch)
Wands
 o - a wand of flame (12)
Scrolls
 e - a scroll of fear
 k - a scroll of poison
 m - 5 scrolls of enchant weapon
Potions
 c - 2 potions of curing {unknown}
 f - 2 potions of lignification
 h - 2 potions of magic {unknown}
 l - 2 potions of mutation {unknown}
 r - a potion of might {unknown}
 u - a potion of flight {unknown}
 x - a potion of resistance {unknown}
 z - 2 potions of heal wounds {unknown}
 A - a potion of brilliance {unknown}
 B - a potion of degeneration {unknown}


   Skills:
 - Level 8.0 Fighting
 + Level 13.4 Ranged Weapons
 - Level 2.1 Dodging
 - Level 0.7 Stealth


You had 8 spell levels left.
You didn't know any spells.
Your spell library contained the following spells:

 Spells                   Type           Power      Damage    Failure   Level
 Beastly Appendage        Tmut           0%         N/A       45%         1
 Poisonous Vapours        Pois/Air       0%         N/A       58%         2
 Wereblood                Tmut           0%         N/A       58%         2
 Portal Projectile        Hex/Tloc       0%         N/A       83%         3
 Spider Form              Tmut/Pois      0%         N/A       83%         3
 Corpse Rot               Necr/Pois/Air  0%         N/A       99%         4
 Dispel Undead            Necr           0%         3d6       99%         4
 Leda's Liquefaction      Hex/Erth       0%         N/A       99%         4
 Call Canine Familiar     Summ           Unusable   N/A       N/A         3
 Death Channel            Necr           Unusable   N/A       N/A         6

Dungeon Overview and Level Annotations

Branches:
Dungeon (7/15)             Temple (1/1) D:4

Altars:
Ashenzari
Cheibriados
Dithmenos
Elyvilon
Fedhas
Gozag
Hepliaklqana
Kikubaaqudgha
Makhleb
Nemelex Xobeh
Okawaru
Qazlal
Ru
Sif Muna
Uskayaw
Vehumet
Wu Jian
Xom
Yredelemnul
The Shining One

Shops:
D:2 [

Annotations:
D:3 Edmund
D:4 3 runed translucent doors, whiskeysaurus's ghost, weakling OpTm


Innate Abilities, Weirdness & Mutations

You are a tree.
Your roots penetrate the ground, keeping you stationary.
You cannot be teleported.
You are immune to unholy pain and torment.
Your maximum health is greatly increased.
Your equipment is partially melded.
((You have a pair of horns on your head.))
((You reflexively headbutt those who attack you in melee.))


Message History

You furiously retaliate!
You headbutt the hound!
You kill the hound!
Okawaru accepts your kill.
The steam dragon attacks as you move away!
The steam dragon bites you but does no damage.
The steam dragon closely misses you. The steam dragon breathes steam at you.
The ball of steam misses you.
Something unseen opens the door.
The orc misses you.
Things that are here:
a hound corpse; an iguana corpse Fire: v) +1 arbalest
Press: ? - help, Q - select action, (/) - cycle Shift-Dir - straight line, f - orc
Aim: an orc, wielding a +0 club and wearing a +0 chain mail (74% to hit)
You shoot a bolt. The bolt hits the orc!
You kill the orc!
Okawaru accepts your kill.
Your surroundings suddenly seem different.
A wight, an orc warrior, a scorpion and an ice beast come into view.
The wight is wielding a +0 dire flail and carrying a wand of quicksilver (5).
Found a +0 vorpal flail and a scale mail.
The orc warrior barely misses you. The scorpion stings you.
* * * LOW HITPOINT WARNING * * *
You are poisoned.
The scorpion poisons you!
The orc warrior hits you from afar with a +0 halberd!!
* * * LOW HITPOINT WARNING * * *
The wight barely misses you. The ice beast barely misses you.
Unknown command.
It was a potion of lignification.
You turn into a tree.
The +0 ring mail "Noxzill" {Fly rF+ Int-3 SInv} melds into your body.
You float gracefully downwards.
Your roots penetrate the ground.
* * * LOW HITPOINT WARNING * * *
You feel sick.
The scorpion stings you but does no damage.
The ice beast barely misses you. The orc warrior barely misses you.
The wight hits you but does no damage.
The scorpion stings you but does no damage.
The wight hits you with a +0 dire flail!
You die...

.## .. ###..#
###
##§##.####.# #
#§§§)......# #
##§##.###### ##
#####D#....##
#.
##..##.#####.##
##
#[Y.z'#o§..##.#
# #.♣zo#
.z?=.#.#####
##s.##
..)..#......
####
[?.$.#.###.#
#.(.##.# #..
####.######
.......<..#
#########.# #..
###


You could see an orc warrior, an ice beast, a scorpion and 2 wights.

Vanquished Creatures
  An unseen horror (D:6)
  A komodo dragon (D:6)
  A troll (D:6)
  4 vampire mosquitoes (D:7)
  3 ice beasts
  A black bear (D:7)
  A centaur (D:7)
  A phantom (D:6)
  A bullfrog (D:7)
  2 necrophages
  2 scorpions (D:7)
  4 wights
  6 hounds
  A jelly (D:4)
  3 orc priests
  8 iguanas
  An orc wizard (D:7)
  Robin (D:2)
  4 adders
  A shadow imp (D:7)
  2 white imps
  2 ufetubi
  3 worms
  10 orcs
  11 ball pythons
  3 endoplasms
  4 giant cockroaches
  11 goblins
  10 hobgoblins
  10 kobolds
  A quokka (D:2)
  3 bats
  5 frilled lizards
  7 rats
129 creatures vanquished.

Notes
Turn   | Place    | Note
-------+----------+-------------------------------------------
     0 | D:1      | safid the Minotaur Hunter began the quest for the Orb.
     0 | D:1      | Reached XP level 1. HP: 18/18 MP: 0/0
    47 | D:1      | Found a faded altar of an unknown god.
   189 | D:1      | Reached XP level 2. HP: 25/25 MP: 1/1
   895 | D:2      | Reached skill level 5 in Ranged Weapons
   895 | D:2      | Reached XP level 3. HP: 31/31 MP: 2/2
   898 | D:2      | Found Ocsituih's Antique Armour Emporium.
   911 | D:2      | Noticed Robin
   917 | D:2      | Killed Robin
  1593 | D:3      | You fall into a shaft and drop 1 floor!
  1656 | D:4      | Reached XP level 4. HP: 38/40 MP: 3/3
  1688 | D:4      | Found a runed translucent gate.
  1688 | D:4      | Found a runed translucent gate.
  1688 | D:4      | Found a runed translucent gate.
  1694 | D:4      | Noticed Edmund
  1702 | D:4      | Noticed an ice beast
  2878 | D:3      | Reached XP level 5. HP: 47/47 MP: 4/4
  3583 | D:4      | Reached skill level 5 in Fighting
  3583 | D:4      | Reached skill level 6 in Ranged Weapons
  3632 | D:4      | Killed an ice beast
  3633 | D:4      | Reached XP level 6. HP: 57/57 MP: 5/5
  3723 | D:4      | Noticed whiskeysaurus's ghost (weakling OpTm)
  3822 | D:4      | Found a staircase to the Ecumenical Temple.
  3827 | Temple   | Entered the Ecumenical Temple
  4028 | Temple   | Became a worshipper of Warmaster Okawaru
  4166 | D:5      | Entered Level 5 of the Dungeon
  4491 | D:4      | Reached skill level 7 in Ranged Weapons
  4977 | D:5      | Reached XP level 7. HP: 36/60 MP: 6/6
  5151 | D:5      | Reached * piety under Okawaru
  5607 | D:6      | Reached skill level 8 in Ranged Weapons
  5668 | D:2      | Bought a masterwork ring mail for 207 gold pieces
  5668 | D:2      | Identified the +0 ring mail "Noxzill" {Fly rF+ Int-3 SInv}
                  | (You bought it in a shop on level 2 of the Dungeon)
  5792 | D:6      | Noticed a troll
  5794 | D:6      | Noticed an unseen horror
  5796 | D:6      | Killed a troll
  5797 | D:6      | Reached XP level 8. HP: 74/74 MP: 7/7
  5799 | D:6      | Reached skill level 9 in Ranged Weapons
  5808 | D:6      | Killed an unseen horror
  5808 | D:6      | Reached ** piety under Okawaru
  5809 | D:6      | Reached skill level 10 in Ranged Weapons
  6346 | D:6      | Noticed a komodo dragon
  6352 | D:6      | Killed a komodo dragon
  6352 | D:6      | Reached *** piety under Okawaru
  6353 | D:6      | Reached skill level 11 in Ranged Weapons
  6555 | D:7      | Reached XP level 9. HP: 81/81 MP: 8/8
  6651 | D:7      | Reached skill level 12 in Ranged Weapons
  7084 | D:7      | Reached skill level 13 in Ranged Weapons
  7104 | D:7      | HP: 3/81 [orc warrior/+0 halberd (18)]
  7105 | D:7      | Mangled by a wight

Illustrated notes

Levels and vault maps discovered:
D:1:      enne_arrival_octagon_isle, layout_loops_ring,
          nicolae_ecumenical_snake_handling, grunt_decor_junction
D:2:      layout_rooms, serial_shops, shop, grunt_decor_resistance,
          minmay_misc_feat_roman, serial_bayou_ford_a, minmay_hexomino_p4,
          uniq_robin
D:3:      layout_basic, serial_aquarium, aquarium_bridge_straight
          [aquarium_subvault_bridge, aquarium_subvault_window,
          aquarium_subvault_bridge, aquarium_subvault_balcony],
          aquarium_bridge_island_small [aquarium_subvault_small_open,
          aquarium_subvault_bridge, aquarium_subvault_wall,
          aquarium_subvault_window, aquarium_subvault_bridge],
          aquarium_window_2, aquarium_window_1, aquarium_window_fake,
          aquarium_window_3, aquarium_view_2f, aquarium_view_2d,
          aquarium_balcony_1a, aquarium_pool_split
D:4:      layout_gridville, minmay_temple_entry_nine_rooms, gammafunk_ghost_icy,
          chequers_serial_rivers_small_3, uniq_edmund
D:5:      layout_rooms, serial_park_tiny_pond
D:6:      layout_cave_pools, minmay_manual_moon
D:7:      layout_basic, minmay_joined_circles
Temple:   nicolae_temple_slightly_damp_pantheon

Skill      XL: |  1  2  3  4  5  6  7  8  9 |
---------------+----------------------------+-----
Fighting       | 3 4 5 6 8 |  8.0
Ranged Weapons | 5 6 7 8 11 13 | 13.4
Dodging        | |  2.1
Stealth        | |  0.7

Action                   |  1- 3 |  4- 6 |  7- 9 || total
-------------------------+-------+-------+-------++-------
 Fire: Shortbow          |   128 |   177 |    17 ||   322
       Arbalest          |       |       |   108 ||   108
Invok: Heroism           |       |       |     1 ||     1
Evoke: Wand              |       |     1 |       ||     1
  Use: Scroll            |       |     3 |     7 ||    10
       Potion            |       |       |     1 ||     1
Armor: Leather armour    |    19 |     9 |     7 ||    35
       Ring mail         |       |       |    18 ||    18
       Skin              |       |       |     3 ||     3
Dodge: Dodged            |    30 |    61 |    79 ||   170
